Map: Chantier naval orbital

Players

Sebs

  • Race: Terran Terran
  • League: Platinum

Worming - Winner!

  • Race: Zerg Zerg
  • League: Platinum

VOD

Have the link to the VOD?

Description

Time

  • Played on: Nov. 12, 2015, 1:22 p.m.
  • Length: 10:36
Show
View Real Time Build Order
Export as new Build Order

Sebs Terran 

Build Orders: Reaper Expand 

Get SALT Encoding   

  12  0:01  SCV  
  13  0:13  SCV  
  14  0:18  Supply Depot  
  14  0:25  SCV  
  15  0:39  SCV  
  15  0:42  Barracks  
  16  0:47  Refinery  
  16  0:51  SCV  
  17  1:05  SCV  
  18  1:21  SCV  
  19  1:32  Reaper  
  20  1:33  Orbital Command  
  20  1:41  Command Center  
  20  1:56  Supply Depot  
  20  1:59  SCV  
  21  2:04  Marine  
  22  2:11  SCV  
  23  2:23  SCV  
  23  2:24  Barracks Reactor  
  23  2:27  Factory  
  24  2:35  SCV  
  25  2:42  Supply Depot  
  25  2:47  SCV  
  27  2:59  SCV  
  27  3:02  Orbital Command  
  27  3:11  SCV  
  27  3:18  Refinery  
  27  3:22  Refinery  
  27  3:23  SCV  
  28  3:27  Barracks Reactor  
  28  3:28  Refinery, SCV  
  28  3:31  Hellion x2  
  33  3:35  SCV  
  33  3:39  Starport  
  34  3:45  SCV  
  34  3:47  SCV  
  36  3:52  Hellion x2  
  40  3:57  SCV  
  40  4:00  SCV  
  42  4:03  Supply Depot  
  42  4:09  Factory  
  42  4:14  Hellion x2  
  42  4:16  SCV  
  47  4:22  Barracks Tech Lab  
  47  4:25  Medivac  
  47  4:27  Medivac  
  51  4:31  Armory  
  51  4:33  SCV  
  51  4:35  Hellion x2  
  56  4:45  SCV  
  57  4:52  SCV  
  58  4:53  Engineering Bay, Factory  
  58  4:56  Supply Depot  
  58  4:57  SCV  
  59  5:00  Supply Depot  
  59  5:06  Factory Tech Lab  
  59  5:12  Liberator  
  59  5:17  Hellion  
  59  5:18  Hellion  
  63  5:24  Supply Depot x2  
  63  5:25  Terran Vehicle Weapons Level 1  
  63  5:26  Mag-Field Accelerator  
  64  5:52  Liberator  
  60  6:04  Liberator  
  48  6:05  Factory Tech Lab  
  48  6:07  Cyclone  
  48  6:10  SCV  
  55  6:24  Command Center  
  59  6:25  SCV  
  59  6:34  Liberator  
  59  6:36  Hellbat x2  
  59  6:39  Cyclone  
  68  6:42  Cyclone  
  69  6:48  SCV  
  69  6:53  Supply Depot, SCV  
  74  7:03  Hellbat x2  
  74  7:06  Liberator  
  78  7:11  Cyclone  
  78  7:13  SCV  
  78  7:14  Cyclone  
  85  7:16  SCV  
  85  7:19  Supply Depot  
  85  7:20  Supply Depot  
  86  7:25  Hellbat  
  86  7:26  Missile Turret  
  86  7:29  Refinery, Missile Turret  
  91  7:30  SCV  
  92  7:38  Missile Turret  
  92  7:47  Refinery  
  72  8:16  Hellbat x2  
  72  8:17  Hellbat x2  
  80  8:20  Liberator x2  
  80  8:22  Orbital Command  
  80  8:23  SCV  
  80  8:24  SCV  
  80  8:25  Factory x2  
  82  8:38  Cyclone x2  
  94  8:44  Supply Depot x2, SCV  
  94  8:46  Supply Depot, SCV  
  96  9:04  Starport, SCV  
  96  9:05  SCV  
  98  9:10  Cyclone  
  98  9:11  SCV  
  98  9:15  Infernal Pre-Igniter  
  98  9:16  SCV  
  98  9:17  SCV  
  104  9:19  Factory Tech Lab  
  104  9:20  Factory Tech Lab  
  104  9:23  SCV  
  105  9:28  SCV  
  105  9:29  Liberator x2, SCV  
  100  9:48  Cyclone x3  
  115  10:00  Starport Tech Lab  
  115  10:02  Siege Tank  
  118  10:12  Armory, SCV x3  
  121  10:19  Command Center  
  121  10:24  SCV  
Show
View Real Time Build Order
Export as new Build Order

Worming Zerg - Winner!

Build Orders: Hatch First, Lurkers 

Get SALT Encoding   

  12  0:01  Drone  
  13  0:16  Overlord  
  13  0:18  Drone  
  14  0:34  Drone x2  
  16  0:49  Hatchery  
  15  0:52  Drone  
  15  0:55  Drone  
  17  1:00  Drone  
  18  1:16  Spawning Pool  
  18  1:17  Drone  
  18  1:22  Drone  
  20  1:32  Drone  
  20  1:51  Overlord  
  20  1:52  Hatchery  
  19  2:03  Queen  
  19  2:05  Drone  
  22  2:16  Drone x3  
  22  2:17  Zergling x2  
  26  2:26  Drone  
  27  2:34  Queen  
  27  2:35  Overlord  
  29  2:43  Queen  
  31  2:49  Drone x4  
  35  2:58  Extractor  
  34  3:09  Drone x3  
  37  3:15  Drone x3  
  40  3:24  Drone  
  41  3:30  Drone x2  
  43  3:41  Drone x3  
  46  3:44  Extractor  
  46  3:46  Extractor  
  46  3:47  Drone, Roach Warren  
  44  3:51  Drone x2  
  44  3:53  Drone x2  
  44  3:54  Drone, Overlord  
  44  3:55  Overlord  
  49  4:15  Metabolic Boost  
  49  4:18  Drone x5  
  49  4:19  Overlord x2, Extractor  
  49  4:23  Lair  
  52  4:28  Roach x2  
  52  4:29  Roach  
  58  4:31  Drone x3  
  58  4:33  Drone x4  
  65  4:38  Roach  
  65  4:39  Roach x2  
  72  4:45  Drone  
  72  4:50  Queen  
  74  4:54  Overlord x2  
  74  5:05  Extractor  
  74  5:06  Drone x3  
  76  5:07  Drone x3, Extractor  
  76  5:08  Roach  
  76  5:11  Overlord x4  
  80  5:18  Spore Crawler  
  80  5:19  Spore Crawler  
  78  5:21  Spore Crawler, Overlord  
  78  5:23  Overlord  
  78  5:24  Overlord  
  78  5:27  Ravager x5  
  78  5:28  Ravager  
  72  6:05  Drone x3  
  75  6:11  Hydralisk Den  
  75  6:18  Roach x2  
  76  6:19  Roach x7  
  76  6:21  Drone x2  
  76  6:22  Drone x2  
  76  6:23  Evolution Chamber  
  95  6:39  Hatchery  
  94  6:42  Lurker Den  
  94  6:44  Roach  
  94  6:45  Roach x7  
  110  6:48  Zerg Missile Weapons Level 1  
  110  7:09  Hydralisk  
  110  7:10  Hydralisk x9  
  110  7:15  Queen  
  132  7:16  Overlord  
  132  7:21  Overlord  
  132  7:26  Drone x3  
  132  7:28  Glial Reconstitution  
  135  7:31  Hydralisk x6  
  147  7:47  Zergling x2  
  147  7:48  Zergling x2  
  147  7:49  Overlord x3  
  131  8:09  Ravager x4  
  131  8:10  Ravager, Overlord  
  131  8:11  Hydralisk x5  
  131  8:12  Roach x4, Hydralisk  
  154  8:13  Roach  
  154  8:16  Drone  
  154  8:17  Drone  
  156  8:22  Overseer  
  156  8:23  Pneumatized Carapace  
  153  8:36  Lurker x3  
  153  8:38  Overlord x2  
  156  8:42  Drone x5  
  156  8:43  Drone x3  
  156  8:45  Extractor  
  163  8:58  Hatchery  
  162  9:04  Muscular Augments  
  162  9:07  Zergling x14  
  162  9:08  Zergling x16  
  177  9:12  Infestation Pit  
  176  9:34  Extractor  
  175  9:45  Overseer  
  166  9:56  Lurker  
  166  9:57  Hydralisk x4  
  175  10:09  Evolution Chamber  
  174  10:14  Overseer  
  174  10:24  Hatchery  
Tags
 
Add a new tag
Caveats
  • Supply blocks, unpowered buildings, or Contaminate may cause inaccurate times.
  • Supply counts are checked every 10 seconds.